 Dungeon Crawl Stone Soup version 0.28.0-45-g0d030f2227 (webtiles) character file.

Game seed: 14550895980191570967

723 Ablot the Grasshopper (level 7, -1/56 HPs)
             Began as a Gnoll Warper on Apr 4, 2022.
             Was an Initiate of Elyvilon.
             Slain by Sigmund
             ... wielding a +6 scythe of venom
              (5 damage)
             ... on level 4 of the Dungeon.
             The game lasted 00:10:26 (3545 turns).

Ablot the Grasshopper (Gnoll Warper)                Turns: 3545, Time: 00:10:27

Health: -1/56      AC:  4    Str: 13    XL:     7   Next: 71%
Magic:  15/15      EV: 13    Int: 12    God:    Elyvilon [......]
Gold:   125        SH:  0    Dex: 11    Spells: 12/17 levels left

rFire   + . .      SeeInvis .   a - +0 spear
rCold   + . .      Faith    .   (no shield)
rNeg    . . .      Spirit   .   i - +2 robe {rC+ rF+}
rPois   .          Reflect  .   (no helmet)
rElec   .          Harm     .   (no cloak)
rCorr   .          Rampage  .   (no gloves)
Will    .....                   (no boots)
Stlth   ++........              h - amulet of regeneration
HPRegen 0.98/turn               (no ring)
MPRegen 0.14/turn               (no ring)

@: lethally poisoned (-1 -> -5)
A: fangs 1, strong nose, distributed training
a: Renounce Religion


You were on level 4 of the Dungeon.
You worshipped Elyvilon.
Elyvilon was noncommittal.
You visited 1 branch of the dungeon, and saw 4 of its levels.

You collected 125 gold pieces.

Inventory:

Hand Weapons
 a - a +0 spear (weapon)
 f - a +0 vorpal long sword
Missiles
 b - 76 sling bullets
 d - 9 boomerangs of dispersal (quivered)
 e - 66 stones
 j - 2 atropa-tipped darts
Armour
 i - a +2 robe of resistance (worn)
 t - a +0 buckler
Magical Staves
 g - a staff of fire
Jewellery
 h - an amulet of regeneration (around neck)
Scrolls
 c - a scroll of blinking
 k - 2 scrolls of amnesia {unknown}
 m - 2 scrolls of teleportation {unknown}
 o - 2 scrolls of identify {unknown}
 r - 3 scrolls of enchant weapon {unknown}
 v - a scroll of fear {unknown}
 w - a scroll of fog {unknown}
Potions
 l - a potion of ambrosia {unknown}
 n - a potion of flight {unknown}
 p - 2 potions of curing {unknown}
 q - a potion of mutation {unknown}
 s - a potion of might {unknown}
 u - a potion of attraction {unknown}


   Skills:
 + Level 5.3 Fighting
 + Level 2.6 Short Blades
 + Level 2.6 Long Blades
 + Level 2.6 Axes
 + Level 2.6 Maces & Flails
 + Level 5.3 Polearms
 + Level 2.6 Staves
 + Level 2.6 Slings
 + Level 2.6 Bows
 + Level 2.6 Crossbows
 + Level 3.7 Throwing
 + Level 3.7 Armour
 + Level 5.3 Dodging
 + Level 2.6 Stealth
 + Level 2.6 Shields
 + Level 2.6 Unarmed Combat
 + Level 5.7 Spellcasting
 + Level 2.1 Conjurations
 + Level 2.1 Hexes
 + Level 2.1 Summonings
 + Level 2.1 Necromancy
 + Level 5.9 Translocations
 + Level 2.1 Transmutations
 + Level 2.1 Fire Magic
 + Level 2.1 Ice Magic
 + Level 2.1 Air Magic
 + Level 2.1 Earth Magic
 + Level 2.1 Poison Magic
 + Level 3.0 Invocations
 + Level 2.6 Evocations


You had 12 spell levels left.
You knew the following spells:

 Your Spells              Type           Power      Damage    Failure   Level
a - Blink                 Tloc           34%        N/A       2%          2
b - Poisonous Vapours     Pois/Air       16%        N/A       12%         2
c - Apportation           Tloc           34%        N/A       1%          1

Your spell library contained the following spells:

 Spells                   Type           Power      Damage    Failure   Level
 Gell's Gravitas          Tloc           17%        N/A       4%          3
 Lesser Beckoning         Tloc           17%        N/A       4%          3
 Teleport Other           Tloc           17%        N/A       4%          3
 Animate Skeleton         Necr           16%        N/A       8%          1
 Summon Small Mammal      Summ           32%        N/A       8%          1
 Corpse Rot               Necr/Air       16%        N/A       12%         2
 Summon Guardian Golem    Hex/Summ       8%         N/A       22%         3
 Manifold Assault         Tloc           17%        N/A       41%         5
 Airstrike                Air            4%         N/A       58%         4
 Summon Lightning Spire   Summ/Air       8%         N/A       58%         4
 Lightning Bolt           Conj/Air       4%         1d15      91%         5
 Orb of Destruction       Conj           4%         9d5       100%        7
 Spellforged Servitor     Conj/Summ      4%         N/A       100%        7


Dungeon Overview and Level Annotations

Branches:
Dungeon (4/15)
 Temple: D:4-7

Altars:
Elyvilon
Kikubaaqudgha
Sif Muna

Annotations:
D:4 Sigmund


Innate Abilities, Weirdness & Mutations

You have very sharp teeth.
Your uncanny sense of smell can sniff out nearby items.
Your experience applies equally to all skills.


Message History

Press: ? - help, Dir - move target
Aim: Disturbance You reach to attack!
You hit something but do no damage.
You feel sick.
Sigmund appears from thin air!
Reactivating autopickup.
Unknown command.
Reach: a) +0 spear
Press: ? - help, Dir - move target, f - Sigmund
Aim: Sigmund, wielding a +6 scythe of venom and wearing a +2 robe of fire resistance (about 40% to evade your +0 spear)
You reach to attack!
You barely miss Sigmund.
You feel sick.
Sigmund hits you from afar with a +6 scythe of venom.
You are more poisoned.
Reach: a) +0 spear
Press: ? - help, Dir - move target, f/p - Sigmund
Aim: Sigmund, wielding a +6 scythe of venom and wearing a +2 robe of fire resistance (about 40% to evade your +0 spear)
You reach to attack!
You closely miss Sigmund.
You feel very sick.
Sigmund splashes around in the water.
Reach: a) +0 spear
Press: ? - help, Dir - move target, f/p - Sigmund
Aim: Sigmund, wielding a +6 scythe of venom and wearing a +2 robe of fire resistance (about 40% to evade your +0 spear)
You reach to attack!
You closely miss Sigmund.
You feel very sick.
Unknown command.
Reach: a) +0 spear
Press: ? - help, Dir - move target, f/p - Sigmund
Aim: Sigmund, wielding a +6 scythe of venom and wearing a +2 robe of fire resistance (about 40% to evade your +0 spear)
You reach to attack!
You hit Sigmund but do no damage.
You feel very sick.
Sigmund points at you and mumbles some strange words.
The magic dart hits you!
* * * LOW HITPOINT WARNING * * *
Reach: a) +0 spear
Press: ? - help, Dir - move target, f/p - Sigmund
Aim: Sigmund, wielding a +6 scythe of venom and wearing a +2 robe of fire resistance (about 40% to evade your +0 spear)
You reach to attack!
You hit Sigmund but do no damage.
* * * LOW HITPOINT WARNING * * *
You feel sick.
Sigmund hits you from afar with a +6 scythe of venom.
You die...

####
#.###P....≈≈≈≈....#.......#
...#
#>.......≈≈≈≈≈≈...#.......#
...#
##.#.P.P≈≈≈≈≈≈≈...#########
...#####'#'..≈≈≈≈≈≈≈≈≈..#
...##........≈≈≈≈≈≈≈≈≈..#
...##.......≈≈.≈≈≈≈≈≈...#
...''........≈..≈≈@≈P...#
...##.......P....≈≈≈....#
...##.........P.@≈≈.....##
...##.......P......PP.P.....
...##).........###.(.........
'##..)......<.(# ######......
'##............##### #......
..#....#####...†...# ......
..#....# ##......# ......
..#....# #......#
..#....#######†#####


You could see Sigmund.

Vanquished Creatures
  Grinder (D:4)
  An ice beast (D:3)
  An orc warrior (D:3)
  An orc priest (D:3)
  A hound (D:4)
  3 orc wizards
  A centaur skeleton (D:4)
  Terence (D:2)
  7 adders
  4 worms
  3 dart slugs
  10 orcs
  3 endoplasms
  A giant cockroach (D:3)
  4 goblins
  9 hobgoblins
  7 jackals
  5 ball pythons
  5 bats
  5 frilled lizards
  8 kobolds
  6 rats
87 creatures vanquished.

Vanquished Creatures (others)
  A butterfly (D:4)
  4 plants (D:4)
5 creatures vanquished.

Grand Total: 92 creatures vanquished

Notes
Turn   | Place    | Note
-------+----------+-------------------------------------------
     0 | D:1      | Ablot the Gnoll Warper began the quest for the Orb.
     0 | D:1      | Reached XP level 1. HP: 20/20 MP: 6/6
    37 | D:1      | Found a faded altar of an unknown god.
   311 | D:1      | Reached XP level 2. HP: 23/26 MP: 7/7
   328 | D:1      | Learned a level 2 spell: Blink
   597 | D:1      | Found an ancient bone altar of Kikubaaqudgha.
   687 | D:2      | Reached XP level 3. HP: 31/31 MP: 9/9
   785 | D:2      | Reached skill level 5 in Spellcasting
   801 | D:2      | Reached skill level 1 in Invocations
   933 | D:2      | Reached skill level 1 in Short Blades
   933 | D:2      | Reached skill level 1 in Long Blades
   933 | D:2      | Reached skill level 1 in Axes
   933 | D:2      | Reached skill level 1 in Maces & Flails
   933 | D:2      | Reached skill level 1 in Staves
   933 | D:2      | Reached skill level 1 in Slings
   933 | D:2      | Reached skill level 1 in Bows
   933 | D:2      | Reached skill level 1 in Crossbows
   933 | D:2      | Reached skill level 1 in Stealth
   933 | D:2      | Reached skill level 1 in Shields
   933 | D:2      | Reached skill level 1 in Unarmed Combat
   933 | D:2      | Reached skill level 1 in Evocations
   945 | D:2      | Reached XP level 4. HP: 37/38 MP: 11/11
   986 | D:2      | Noticed Terence
  1008 | D:2      | Killed Terence
  1136 | D:2      | Reached skill level 1 in Conjurations
  1136 | D:2      | Reached skill level 1 in Hexes
  1136 | D:2      | Reached skill level 1 in Summonings
  1136 | D:2      | Reached skill level 1 in Necromancy
  1136 | D:2      | Reached skill level 1 in Transmutations
  1136 | D:2      | Reached skill level 1 in Fire Magic
  1136 | D:2      | Reached skill level 1 in Ice Magic
  1136 | D:2      | Reached skill level 1 in Air Magic
  1136 | D:2      | Reached skill level 1 in Earth Magic
  1136 | D:2      | Reached skill level 1 in Poison Magic
  1633 | D:3      | Found a shimmering blue altar of Sif Muna.
  1671 | D:3      | Reached XP level 5. HP: 39/43 MP: 12/12
  1697 | D:3      | Learned a level 2 spell: Poisonous Vapours
  1699 | D:3      | Learned a level 1 spell: Apportation
  1932 | D:3      | Found an ancient bone altar of Kikubaaqudgha.
  2518 | D:4      | Noticed an orc warrior
  2608 | D:3      | Killed an orc warrior
  2609 | D:3      | Reached skill level 5 in Fighting
  2609 | D:3      | Reached skill level 5 in Polearms
  2609 | D:3      | Reached skill level 5 in Dodging
  2609 | D:3      | Reached XP level 6. HP: 28/51 MP: 2/14
  2821 | D:4      | Noticed Sigmund
  2968 | D:4      | Noticed an ice beast
  3029 | D:4      | Found a white marble altar of Elyvilon.
  3034 | D:4      | Became a worshipper of Elyvilon the Healer
  3040 | D:4      | Noticed Grinder
  3080 | D:4      | Paralysed by Grinder for 5 turns
  3099 | D:4      | Elyvilon protects you from harm!
  3102 | D:4      | Paralysed by Grinder for 3 turns
  3107 | D:4      | Killed Grinder
  3108 | D:4      | Reached XP level 7. HP: 10/56 MP: 15/15
  3545 | D:4      | Slain by Sigmund

Illustrated notes

Levels and vault maps discovered:
D:1:      sevenhm_arrival_forest_fort_small_6, layout_basic,
          ebering_ecumenical_altar_rust
D:2:      layout_loops_ring, uniq_terence
D:3:      layout_loops_ring, kiku_gazebo_pond_becter,
          mainiacjoe_overflow_alcove_4
D:4:      minmay_razor_zed, layout_basic, nicolae_elyvilon_peaceful_grove,
          st_stairs_4, guppyfry_early_lair_pool, uniq_sigmund, uniq_grinder

Skill      XL: |  1  2  3  4  5  6  7 |
---------------+----------------------+-----
Spellcasting   | 5 |  5.7
Invocations    | 1 2 3 |  3.0
Short Blades   | 1 2 |  2.6
Long Blades    | 1 2 |  2.6
Axes           | 1 2 |  2.6
Maces & Flails | 1 2 |  2.6
Staves         | 1 2 |  2.6
Slings         | 1 2 |  2.6
Bows           | 1 2 |  2.6
Crossbows      | 1 2 |  2.6
Stealth        | 1 2 |  2.6
Shields        | 1 2 |  2.6
Unarmed Combat | 1 2 |  2.6
Evocations     | 1 2 |  2.6
Conjurations   | 1 2 |  2.1
Hexes          | 1 2 |  2.1
Summonings     | 1 2 |  2.1
Necromancy     | 1 2 |  2.1
Transmutations | 1 2 |  2.1
Fire Magic     | 1 2 |  2.1
Ice Magic      | 1 2 |  2.1
Air Magic      | 1 2 |  2.1
Earth Magic    | 1 2 |  2.1
Poison Magic   | 1 2 |  2.1
Throwing       | 3 |  3.7
Armour         | 3 |  3.7
Fighting       | 5 |  5.3
Polearms       | 5 |  5.3
Dodging        | 5 |  5.3
Translocations | |  5.9

Action                   |  1- 3 |  4- 6 |  7- 9 || total
-------------------------+-------+-------+-------++-------
Melee: Spear             |   143 |   237 |   170 ||   550
       Bite              |     9 |    17 |    20 ||    46
       Punch             |     2 |     4 |     3 ||     9
Throw: Dart              |       |    15 |     2 ||    17
 Cast: Poisonous Vapours |       |     9 |       ||     9
       Blink             |       |     5 |       ||     5
       Apportation       |       |     2 |       ||     2
 Stab: Sleeping          |     2 |     4 |       ||     6
       Invisible         |       |     2 |       ||     2
       Distracted        |       |       |     1 ||     1
Armor: Leather armour    |    17 |       |       ||    17
       Robe              |    11 |    38 |    23 ||    72
Dodge: Dodged            |    66 |   113 |    94 ||   273
